cohdb
Replays
Latest Replays
All Replays
Popular Replays
Top Player Replays
Match Explorer
How It Works
Community
CoH3 Stats
Reddit
Sign in to upload your games and track your stats! →
Sign in with Steam
Match 45109652
Unlisted
Match 45109652
Overview
Messages
Build Orders
End
Vickers Machine Gun Team
Construct Section Command Post
Infantry Section
Selects Heavy Armor Battlegroup
Infantry Section
Infantry Section
Selects Rigorous Vehicle Training
Construct Field Infirmary
Selects Forward Repair Assembly
Selects UNKNOWN (2162094)
Selects Forward Repair Assembly
Construct Platoon Command Post
Selects UNKNOWN (2162094)
Infantry Section
Selects Light Vehicle Withdraw and Refit
Selects Radio Net
6-pounder Anti-tank Gun Team
Construct Company Command Post
Selects Recon Artillery
Churchill IV Heavy Tank
Grenade Package
Infantry Section
Radio Net
Churchill IV Heavy Tank
Armored Vehicle Training
Churchill IV Heavy Tank
Recon Artillery
Radio Net
Infantry Section
Infantry Training
Recon Artillery
Infantry Section
Churchill IV Heavy Tank
Recon Artillery
Radio Net
Dani
Seppun
Svenious Jakobus (GB)
[PD]Folscher
Apache
[PD]Bimbi
0
0
Comments
sign in to comment!
No comments posted yet!